TOP OF THE 1ST |
Lowell Spinners batting - Pitching for Staten Island Yankees : RHP Khayyat bin Faruq
|
Pitching: RHP Khayyat bin Faruq
|
|
Batting: LHB Stanislav Parusov
|
0-0: Foul Ball, location: 2F 0-1: Foul Ball, location: 2F 0-2: Ground out 6-3 (Groundball, 6, EV 105.0 MPH)
|
Batting: RHB Matt Hinkle
|
0-0: Foul Ball, location: 2F 0-1: Fly out, F7 (Flyball, 78D, EV 83.8 MPH)
|
Batting: LHB Nelis Geurts
|
0-0: Called Strike 0-1: Ball 1-1: Ball 2-1: Foul Ball, location: 2F 2-2: Foul Ball, location: 2F 2-2: Hit by Pitch
|
Batting: LHB Danny Montoya
|
0-0: Called Strike 0-1: Ball 1-1: Ball 2-1: Foul Ball, location: 2F 2-2: Ball 3-2: Ground out U3 (Groundball, 34S, EV 68.8 MPH)
|
Top of the 1st over - 0 runs, 0 hits, 0 errors, 1 left on base; Lowell 0 - Staten Island 0 |
BOTTOM OF THE 1ST |
Staten Island Yankees batting - Pitching for Lowell Spinners : LHP Eddie Contreras
|
Pitching: LHP Eddie Contreras
|
|
Batting: RHB Ben Kidder
|
0-0: Ball 1-0: Foul Ball, location: 2F 1-1: Ground out U3 (Groundball, 34, EV 80.0 MPH)
|
Batting: RHB Jose Tovar
|
0-0: Called Strike 0-1: Ground out 6-3 (Groundball, 6, EV 80.6 MPH)
|
Batting: RHB Alex Colon
|
0-0: Called Strike 0-1: Ground out 6-3 (Groundball, 6, EV 96.9 MPH)
|
Bottom of the 1st over - 0 runs, 0 hits, 0 errors, 0 left on base; Lowell 0 - Staten Island 0 |
TOP OF THE 2ND |
Lowell Spinners batting - Pitching for Staten Island Yankees : RHP Khayyat bin Faruq
|
Batting: RHB William Lung
|
0-0: Called Strike 0-1: Fly out, F7 (Line Drive, 7, EV 91.2 MPH)
|
Batting: RHB Billy Ratz
|
0-0: SINGLE (Groundball, 6M, EV 78.1 MPH) (infield hit)
|
Batting: RHB Bobby Schimke
|
0-0: Ball Billy Ratz steals 2nd base (no throw) 1-0: Foul Ball, location: 2F 1-1: Foul Ball, location: 2F 1-2: Ball 2-2: Foul Ball, location: 2F 2-2: DOUBLE (Line Drive, 78M, EV 98.1 MPH) Billy Ratz scores
|
Batting: RHB Josh Helman
|
0-0: Ball 1-0: Foul Ball, location: 2F 1-1: Ball 2-1: Ground out 6-3 (Groundball, 6, EV 91.2 MPH)
|
Batting: RHB Ted Emmerich
|
0-0: Ball 1-0: Ball 2-0: Ball 3-0: Called Strike 3-1: Swinging Strike 3-2: Base on Balls
|
Batting: LHB Stanislav Parusov
|
0-0: Ball 1-0: Fly out, F9 (Flyball, 9S, EV 83.1 MPH)
|
Top of the 2nd over - 1 run, 2 hits, 0 errors, 2 left on base; Lowell 1 - Staten Island 0 |
BOTTOM OF THE 2ND |
Staten Island Yankees batting - Pitching for Lowell Spinners : LHP Eddie Contreras
|
Batting: RHB Sam Hubbert
|
0-0: Called Strike 0-1: Foul Ball, location: 2F 0-2: Ball 1-2: Ball 2-2: Strikes out swinging
|
Batting: RHB Iften Olujimi
|
0-0: Ball 1-0: Swinging Strike 1-1: Ball 2-1: Ball 3-1: Ground out 5-3 (Groundball, 56, EV 101.2 MPH)
|
Batting: LHB Bart Davies
|
0-0: Foul Ball, location: 2F 0-1: Ball 1-1: Foul Ball, location: 2F 1-2: Strikes out swinging
|
Bottom of the 2nd over - 0 runs, 0 hits, 0 errors, 0 left on base; Lowell 1 - Staten Island 0 |
TOP OF THE 3RD |
Lowell Spinners batting - Pitching for Staten Island Yankees : RHP Khayyat bin Faruq
|
Batting: RHB Matt Hinkle
|
0-0: Swinging Strike 0-1: Ball 1-1: Ground out 5-3 (Groundball, 56S, EV 80.6 MPH)
|
Batting: LHB Nelis Geurts
|
0-0: Ball 1-0: Called Strike 1-1: Ball 2-1: Foul Ball, location: 2F 2-2: Ball 3-2: Foul Ball, location: 2F 3-2: Foul Ball, location: 2F 3-2: Foul Ball, location: 2F 3-2: Base on Balls
|
Batting: LHB Danny Montoya
|
0-0: Ball Nelis Geurts steals 2nd base 1-0: Ball Nelis Geurts steals 3rd base 2-0: Ball 3-0: Called Strike 3-1: Base on Balls
|
Batting: RHB William Lung
|
0-0: DOUBLE (Line Drive, 9LM, EV 108.1 MPH) Nelis Geurts scores Danny Montoya to third
|
Batting: RHB Billy Ratz
|
0-0: Foul Ball, location: 2F 0-1: Ball 1-1: Foul Ball, location: 2F 1-2: Foul Ball, location: 2F 1-2: Foul Ball, location: 2F 1-2: Foul Ball, location: 2F 1-2: Fly out, F9 (Flyball, 89D, EV 102.5 MPH) Runner from 3rd tags up, SCORES, throw by RF William Lung to third
|
Batting: RHB Bobby Schimke
|
0-0: Ball 1-0: Swinging Strike 1-1: Foul Ball, location: 2F 1-2: Ball 2-2: Foul Ball, location: 2F 2-2: Strikes out swinging
|
Top of the 3rd over - 2 runs, 1 hit, 0 errors, 1 left on base; Lowell 3 - Staten Island 0 |
BOTTOM OF THE 3RD |
Staten Island Yankees batting - Pitching for Lowell Spinners : LHP Eddie Contreras
|
Batting: RHB Francisco Aguayo
|
0-0: Called Strike 0-1: Called Strike 0-2: Ball 1-2: Strikes out swinging
|
Batting: LHB Marty Hafner
|
0-0: Foul Ball, location: 2F 0-1: Ball 1-1: Foul Ball, location: 2F 1-2: Ball 2-2: SINGLE (Groundball, 34D, EV 99.4 MPH)
|
Batting: RHB Alfredo Razo
|
0-0: Ball 1-0: Ball 2-0: Called Strike 2-1: Called Strike 2-2: Foul Ball, location: 2F 2-2: Strikes out swinging
|
Batting: RHB Ben Kidder
|
0-0: Called Strike 0-1: Ball 1-1: Ball 2-1: Ball 3-1: Foul Ball, location: 2F 3-2: Foul Ball, location: 2F 3-2: Base on Balls Marty Hafner to second
|
Batting: RHB Jose Tovar
|
0-0: Swinging Strike 0-1: Foul Ball, location: 2F 0-2: Strikes out swinging
|
Bottom of the 3rd over - 0 runs, 1 hit, 0 errors, 2 left on base; Lowell 3 - Staten Island 0 |
TOP OF THE 4TH |
Lowell Spinners batting - Pitching for Staten Island Yankees : RHP Khayyat bin Faruq
|
Batting: RHB Josh Helman
|
0-0: Ball 1-0: Ball 2-0: Foul Ball, location: 2F 2-1: Ground out U3 (Groundball, 3, EV 87.5 MPH)
|
Batting: RHB Ted Emmerich
|
0-0: Called Strike 0-1: Ball 1-1: Ground out 6-3 (Groundball, 6, EV 92.5 MPH)
|
Batting: LHB Stanislav Parusov
|
0-0: Ball 1-0: Reached on error, E6 (Groundball, 6, EV 87.5 MPH)
|
Batting: RHB Matt Hinkle
|
0-0: Ball 1-0: Ground out 6-3 (Groundball, 6, EV 82.5 MPH)
|
Top of the 4th over - 0 runs, 0 hits, 1 error, 1 left on base; Lowell 3 - Staten Island 0 |
BOTTOM OF THE 4TH |
Staten Island Yankees batting - Pitching for Lowell Spinners : LHP Eddie Contreras
|
Batting: RHB Alex Colon
|
0-0: Called Strike 0-1: Ground out 6-3 (Groundball, 6MD, EV 101.9 MPH)
|
Batting: RHB Sam Hubbert
|
0-0: Called Strike 0-1: Ball 1-1: Ground out 3-1 (Groundball, 34S, EV 84.4 MPH)
|
Batting: RHB Iften Olujimi
|
0-0: Ball 1-0: Called Strike 1-1: Swinging Strike 1-2: Ball 2-2: Strikes out swinging
|
Bottom of the 4th over - 0 runs, 0 hits, 0 errors, 0 left on base; Lowell 3 - Staten Island 0 |
TOP OF THE 5TH |
Lowell Spinners batting - Pitching for Staten Island Yankees : RHP Khayyat bin Faruq
|
Pitching: LHP George Grady
|
|
Batting: LHB Nelis Geurts
|
0-0: Ball 1-0: Foul Ball, location: 2F 1-1: DOUBLE (Flyball, 8LXD, EV 108.1 MPH)
|
Batting: LHB Danny Montoya
|
0-0: Ball 1-0: Fly out, F7 (Flyball, 7S, EV 91.9 MPH)
|
Batting: RHB William Lung
|
0-0: Foul Ball, location: 2F 0-1: Called Strike Nelis Geurts steals 3rd base 0-2: Strikes out swinging
|
Batting: RHB Billy Ratz
|
0-0: Foul Ball, location: 2F 0-1: Ground out 6-3 (Groundball, 6S, EV 90.6 MPH)
|
Top of the 5th over - 0 runs, 1 hit, 0 errors, 1 left on base; Lowell 3 - Staten Island 0 |
BOTTOM OF THE 5TH |
Staten Island Yankees batting - Pitching for Lowell Spinners : LHP Eddie Contreras
|
Batting: LHB Bart Davies
|
0-0: Called Strike 0-1: Swinging Strike 0-2: Strikes out swinging
|
Batting: RHB Francisco Aguayo
|
0-0: Ball 1-0: Foul Ball, location: 2F 1-1: Ball 2-1: Foul Ball, location: 2F 2-2: Strikes out swinging
|
Batting: LHB Marty Hafner
|
0-0: SINGLE (Groundball, 4MD, EV 93.8 MPH)
|
Batting: RHB Alfredo Razo
|
0-0: Foul Ball, location: 2F 0-1: Ball 1-1: Called Strike 1-2: Strikes out looking
|
Bottom of the 5th over - 0 runs, 1 hit, 0 errors, 1 left on base; Lowell 3 - Staten Island 0 |
TOP OF THE 6TH |
Lowell Spinners batting - Pitching for Staten Island Yankees : LHP George Grady
|
Batting: RHB Bobby Schimke
|
0-0: Called Strike 0-1: Swinging Strike 0-2: Ball 1-2: Foul Ball, location: 2F 1-2: Ball 2-2: Ball 3-2: Strikes out looking
|
Batting: RHB Josh Helman
|
0-0: Ball 1-0: Ball 2-0: Swinging Strike 2-1: Ball 3-1: Base on Balls
|
Batting: RHB Ted Emmerich
|
0-0: Ball 1-0: Ball 2-0: SINGLE (Groundball, 6MD, EV 101.2 MPH) Josh Helman to second
|
Pinch Hitting: RHB Josh Graham
|
0-0: Swinging Strike 0-1: Foul Ball, location: 2F 0-2: Strikes out swinging
|
Batting: RHB Matt Hinkle
|
0-0: Ball 1-0: Swinging Strike 1-1: Swinging Strike 1-2: Foul Ball, location: 2F 1-2: Foul Ball, location: 2F 1-2: Foul Ball, location: 2F 1-2: Ball 2-2: Foul Ball, location: 2F 2-2: Ball 3-2: Base on Balls Josh Helman to third Ted Emmerich to second
|
Pitching: RHP Jimmy Wilder
|
|
Batting: LHB Nelis Geurts
|
0-0: Fly out, F6 (Popup, 6D, EV 56.9 MPH)
|
Top of the 6th over - 0 runs, 1 hit, 0 errors, 3 left on base; Lowell 3 - Staten Island 0 |
BOTTOM OF THE 6TH |
Staten Island Yankees batting - Pitching for Lowell Spinners : LHP Eddie Contreras
|
Now at 3B: Jose Conde
|
|
Batting: RHB Ben Kidder
|
0-0: Ball 1-0: Swinging Strike 1-1: Ball 2-1: Foul Ball, location: 2F 2-2: Strikes out swinging
|
Batting: RHB Jose Tovar
|
0-0: Ball 1-0: Ball 2-0: Ball 3-0: Base on Balls
|
Batting: RHB Alex Colon
|
0-0: Called Strike 0-1: Ball Passed Ball! Jose Tovar to second 1-1: Called Strike 1-2: Strikes out swinging
|
Batting: RHB Sam Hubbert
|
0-0: Ball 1-0: Foul Ball, location: 2F 1-1: Ball 2-1: Swinging Strike 2-2: Ball 3-2: Foul Ball, location: 2F 3-2: Strikes out looking
|
Bottom of the 6th over - 0 runs, 0 hits, 0 errors, 1 left on base; Lowell 3 - Staten Island 0 |
TOP OF THE 7TH |
Lowell Spinners batting - Pitching for Staten Island Yankees : RHP Jimmy Wilder
|
Pitching: RHP Ryan Walker
|
|
Batting: LHB Danny Montoya
|
0-0: Ball 1-0: Ball 2-0: Swinging Strike 2-1: Called Strike 2-2: Strikes out swinging
|
Batting: RHB William Lung
|
0-0: Called Strike 0-1: Foul Ball, location: 2F 0-2: Ball 1-2: Foul Ball, location: 2F 1-2: Strikes out looking
|
Batting: RHB Billy Ratz
|
0-0: Ball 1-0: Called Strike 1-1: Called Strike 1-2: Strikes out swinging
|
Top of the 7th over - 0 runs, 0 hits, 0 errors, 0 left on base; Lowell 3 - Staten Island 0 |
BOTTOM OF THE 7TH |
Staten Island Yankees batting - Pitching for Lowell Spinners : LHP Eddie Contreras
|
Batting: RHB Iften Olujimi
|
0-0: Ball 1-0: DOUBLE (Line Drive, 3D, EV 100.0 MPH)
|
Pitching: LHP Israel Serrano
|
|
Batting: LHB Bart Davies
|
0-0: Swinging Strike 0-1: Foul Ball, location: 2F 0-2: Ball 1-2: Strikes out swinging
|
Pitching: RHP Bryan Paiva
|
|
Batting: RHB Francisco Aguayo
|
0-0: Ball 1-0: SINGLE (Groundball, 6MD, EV 102.5 MPH) Iften Olujimi to third
|
Batting: LHB Marty Hafner
|
0-0: Called Strike 0-1: Ball 1-1: Swinging Strike 1-2: Ground out U3 (Groundball, 3, EV 82.5 MPH) Francisco Aguayo to second
|
Batting: RHB Alfredo Razo
|
0-0: Called Strike 0-1: Ball 1-1: Swinging Strike 1-2: Ball 2-2: Strikes out looking
|
Bottom of the 7th over - 0 runs, 2 hits, 0 errors, 2 left on base; Lowell 3 - Staten Island 0 |
TOP OF THE 8TH |
Lowell Spinners batting - Pitching for Staten Island Yankees : RHP Ryan Walker
|
Pitching: LHP Jesse Riggs
|
|
Batting: RHB Bobby Schimke
|
0-0: Called Strike 0-1: SINGLE (Line Drive, 6M, EV 101.2 MPH)
|
Batting: RHB Josh Helman
|
0-0: Grounds into double play, 4-6-3 (Groundball, 34, EV 93.8 MPH)
|
Batting: RHB Ted Emmerich
|
0-0: Ball 1-0: Called Strike 1-1: Swinging Strike 1-2: Foul Ball, location: 2F 1-2: Foul Ball, location: 2F 1-2: Ball 2-2: Ball 3-2: Base on Balls
|
Batting: RHB Jose Conde
|
0-0: Ball 1-0: Ball 2-0: Ball 3-0: Called Strike 3-1: Base on Balls Ted Emmerich to second
|
Batting: RHB Matt Hinkle
|
0-0: Swinging Strike 0-1: Ball Wild Pitch! Ted Emmerich to third Jose Conde to second 1-1: Foul Ball, location: 2F 1-2: Strikes out swinging
|
Top of the 8th over - 0 runs, 1 hit, 0 errors, 2 left on base; Lowell 3 - Staten Island 0 |
BOTTOM OF THE 8TH |
Staten Island Yankees batting - Pitching for Lowell Spinners : RHP Bryan Paiva
|
Batting: RHB Ben Kidder
|
0-0: Called Strike 0-1: Ball 1-1: Ball 2-1: Ball 3-1: Foul Ball, location: 2F 3-2: Strikes out looking
|
Batting: RHB Jose Tovar
|
0-0: Swinging Strike 0-1: Called Strike 0-2: Ball 1-2: Ball 2-2: Strikes out looking
|
Batting: RHB Alex Colon
|
0-0: Fly out, F9 (Flyball, 9D, EV 92.5 MPH)
|
Bottom of the 8th over - 0 runs, 0 hits, 0 errors, 0 left on base; Lowell 3 - Staten Island 0 |
TOP OF THE 9TH |
Lowell Spinners batting - Pitching for Staten Island Yankees : LHP Jesse Riggs
|
Pitching: LHP Josh Shaw
|
|
Batting: LHB Nelis Geurts
|
0-0: SINGLE (Line Drive, 7S, EV 94.4 MPH)
|
Batting: LHB Danny Montoya
|
0-0: Ball 1-0: Ball 2-0: Grounds into double play, 4-6-3 (Groundball, 4, EV 80.6 MPH)
|
Batting: RHB William Lung
|
0-0: Ball 1-0: Foul Ball, location: 2F 1-1: Fly out, F4 (Flyball, 34D, EV 95.0 MPH)
|
Top of the 9th over - 0 runs, 1 hit, 0 errors, 0 left on base; Lowell 3 - Staten Island 0 |
BOTTOM OF THE 9TH |
Staten Island Yankees batting - Pitching for Lowell Spinners : RHP Bryan Paiva
|
Pitching: RHP Juan Mejia
|
|
Batting: RHB Sam Hubbert
|
0-0: Called Strike 0-1: Foul Ball, location: 2F 0-2: Foul Ball, location: 2F 0-2: Ball 1-2: Strikes out swinging
|
Pinch Hitting: LHB Victor Fiallos
|
0-0: Ball 1-0: Ground out 5-3 (Groundball, 6, EV 79.4 MPH)
|
Batting: LHB Bart Davies
|
0-0: Called Strike 0-1: Called Strike 0-2: Ball 1-2: Reached on error, E4 (Groundball, 34D, EV 85.0 MPH)
|
Batting: RHB Francisco Aguayo
|
0-0: Swinging Strike 0-1: Called Strike 0-2: Ball 1-2: Strikes out swinging
|
Bottom of the 9th over - 0 runs, 0 hits, 1 error, 1 left on base; Lowell 3 - Staten Island 0 |
|